 Dungeon Crawl Stone Soup version 0.29.1-13-g9f3cf754e1 (webtiles) character file.

Game seed: 12027301283582073030

469384 FexLirch the Crack Shot (level 25, -4/230 (270) HPs)
             Began as a Formicid Hunter on Jan 26, 2023.
             Was a Favourite Plaything of Xom.
             Killed from afar by a frost giant (56 damage)
             ... with a bolt of cold
             ... on level 4 of the Depths on Jan 27, 2023.
             The game lasted 04:01:55 (47355 turns).

FexLirch the Crack Shot (Formicid Hunter)          Turns: 47355, Time: 04:01:56

HP:   -4/230 (270)  AC: 22    Str: 18    XL:     25   Next: 52%
MP:   32/36         EV: 30    Int: 23    God:    Xom [....*.]
Gold: 2471          SH: 28    Dex: 35    Spells: 30/43 levels left

rFire   + + .      SeeInvis +   H - +9 shortbow of Reatam {speed, rElec}
rCold   . . .      Faith    .   W - +5 kite shield {reflect}
rNeg    . . .      Spirit   .   z - +5 ring mail of Grace {Dex+5}
rPois   .          Reflect  +   (helmet unavailable)
rElec   +          Harm     +   U - scarf {harm}
rCorr   .          Rampage  .   f - +2 pair of gloves {Str+3}
Will    ++++.      Clarity  +   g - +0 pair of boots of the Zebra {+Blink rElec}
Stlth   ++........              T - amulet of regeneration
HPRegen 1.28/turn               b - ring of Beauty {Int+6 Slay+4 SInv}
MPRegen 0.25/turn               A - +6 ring of dexterity

@: weakened, heavily drained, invisible
A: permanent stasis, dig shafts and tunnels, antennae 3, four strong arms, fangs
1, iridescent scales 3, large bone plates 1, clarity, clever 1, deformed body,
fire resistance 2, strong-willed 2, mutation resistance 2, robust 3, wild magic
3, MP-powered wands, noise suppression
}: 3/15 runes: serpentine, barnacled, abyssal
a: Dig, Shaft Self, Renounce Religion


You were on level 4 of the Depths.
You worshipped Xom.
You were a beloved toy of Xom.
You visited 10 branches of the dungeon, and saw 44 of its levels.
You visited the Abyss 1 time.
You visited 2 bazaars.
You also visited: Volcano and Wizlab.

You collected 7725 gold pieces.
You spent 5254 gold pieces at shops.

Inventory:

Hand Weapons
 r - a +0 arbalest of flaming
 H - the +9 shortbow of Reatam (weapon) {speed, rElec}
   (You took it off a yaktaur on level 3 of the Vaults)

   Attacks with this weapon are significantly faster.
   rElec:     It insulates you from electricity.
 M - a +0 longbow of electrocution
Armour
 f - a +2 pair of gloves of strength (worn)
 g - the +0 pair of boots of the Zebra (worn) {+Blink rElec}
   (You bought it in a shop in a bazaar)

   rElec:     It insulates you from electricity.
   +Blink:    It lets you blink.
 u - a scarf of resistance
 z - the +5 ring mail of Grace (worn) {Dex+5}
   (Xom gifted it to you on level 3 of the Dungeon)

   Dex:       It affects your dexterity (+5).
 U - a scarf of harm (worn)
 W - a +5 kite shield of reflection (worn)
Jewellery
 b - the ring of Beauty (left hand) {Int+6 Slay+4 SInv}
   (You bought it in a shop in a bazaar)

   [ring of intelligence]

   Int:       It affects your intelligence (+6).
   Slay:      It affects your accuracy & damage with ranged weapons and melee
   (+4).
   SInv:      It lets you see invisible.
 m - a ring of positive energy
 o - a ring of fire
 A - a +6 ring of dexterity (right hand)
 D - a ring of resist corrosion
 L - the ring of Jihuh {Will+ Str+4}
   (You took it off a deep elf annihilator on level 3 of the Elven Halls)

   [ring of willpower]

   Str:       It affects your strength (+4).
   Will:      It increases your willpower.
 P - a ring of ice
 T - an amulet of regeneration (around neck)
 X - the ring of the Mage {Wiz Archmagi}
   (You took it off a deep elf high priest on level 3 of the Elven Halls)

   [ring of wizardry]

   It improves your spell success rate.
   Archmagi:  It increases the power of your magical spells.
Wands
 k - a wand of quicksilver (4)
 l - a wand of digging (5)
 p - a wand of flame (70)
 E - a wand of polymorph (13)
 K - a wand of charming (53)
 Q - a wand of mindburst (21)
 R - a wand of iceblast (23)
Scrolls
 a - a scroll of silence
 h - 12 scrolls of immolation
 i - 4 scrolls of magic mapping
 n - 11 scrolls of noise
 s - 6 scrolls of enchant armour
 t - 6 scrolls of summoning
 x - 6 scrolls of poison
 y - 12 scrolls of fear
 G - 11 scrolls of vulnerability
 N - 6 scrolls of butterflies
 V - 2 scrolls of brand weapon
 Y - 6 scrolls of enchant weapon
Potions
 c - 9 potions of curing
 e - 4 potions of cancellation
 j - 10 potions of mutation
 q - 5 potions of invisibility
 v - 3 potions of magic
 w - 7 potions of lignification
 B - 3 potions of might
 I - 2 potions of resistance
 J - 9 potions of brilliance
 O - 2 potions of ambrosia
 S - 9 potions of flight
Miscellaneous
 d - a condenser vane
 C - a piece from Xom's chessboard (15/15)
 F - a phantom mirror
 Z - a phial of floods


   Skills:
 + Level 19.3 Fighting
 + Level 23.5 Ranged Weapons
 + Level 16.7 Armour
 - Level 16.3 Dodging
 - Level 1.2 Stealth
 + Level 19.6 Shields
 + Level 9.8 Spellcasting
 + Level 8.8 Translocations
 + Level 5.5 Transmutations
 - Level 17.0 Evocations


You had 30 spell levels left.
You knew the following spells:

 Your Spells              Type           Power      Damage    Failure   Level
a - Apportation           Tloc           100%       N/A       3%          1
b - Passwall              Tmut/Erth      37%        N/A       19%         2
c - Ensorcelled Hibernat  Hex/Ice        42%        N/A       41%         2
d - Wereblood             Tmut           63%        N/A       9%          2
e - Passage of Golubria   Tloc           78%        N/A       12%         4
f - Sublimation of Blood  Necr           21%        N/A       41%         2

Your spell library contained the following spells:

 Spells                   Type           Power      Damage    Failure   Level
 Magic Dart               Conj           84%        1d7       30%         1
 Necrotise                Necr           84%        1d8       30%         1
 Sandblast                Erth           42%        2d11      30%         1
 Shock                    Conj/Air       84%        1d8       30%         1
 Summon Small Mammal      Summ           84%        N/A       30%         1
 Call Imp                 Summ           21%        N/A       41%         2
 Scorch                   Fire           42%        2d7       41%         2
 Static Discharge         Conj/Air       21%        3-6/arc   41%         2
 Blade Hands              Tmut           31%        N/A       56%         5
 Call Canine Familiar     Summ           21%        N/A       58%         3
 Conjure Flame            Conj/Fire      21%        6-21      58%         3
 Dazzling Flash           Conj/Hex       42%        N/A       58%         3
 Mephitic Cloud           Conj/Pois/Air  21%        N/A       58%         3
 Stone Arrow              Conj/Erth      42%        3d9       58%         3
 Summon Guardian Golem    Hex/Summ       21%        N/A       58%         3
 Summon Forest            Summ/Tloc      28%        N/A       71%         5
 Alistair's Intoxication  Tmut/Pois      30%        N/A       88%         5
 Irradiate                Conj/Tmut      22%        3d19      88%         5
 Anguish                  Hex/Necr       10%        N/A       90%         4
 Corpse Rot               Necr/Pois/Air  21%        N/A       90%         4
 Dispel Undead            Necr           21%        3d11      90%         4
 Flame Wave               Conj/Fire      21%        2d8       90%         4
 Fulminant Prism          Conj/Hex       10%        3d9       90%         4
 Leda's Liquefaction      Hex/Erth       10%        N/A       90%         4
 Sticky Flame             Conj/Fire      21%        2d4       90%         4
 Agony                    Necr           21%        N/A       99%         5
 Freezing Cloud           Conj/Ice/Air   10%        6-21      99%         5
 Iskenderun's Battlesphe  Conj           21%        2d7       99%         5
 Silence                  Hex/Air        10%        N/A       99%         5
 Death Channel            Necr           10%        N/A       100%        6
 Eringya's Noxious Bog    Tmut/Pois      22%        N/A       100%        6
 Iron Shot                Conj/Erth      10%        9d3       100%        6
 Simulacrum               Ice/Necr       10%        N/A       100%        6
 Summon Cactus Giant      Summ           10%        N/A       100%        6
 Dragon Form              Tmut           31%        N/A       100%        7
 Enfeeble                 Hex            10%        N/A       100%        7
 Spellforged Servitor     Conj/Summ      10%        N/A       100%        7
 Summon Hydra             Summ           10%        N/A       100%        7
 Borgnjor's Revivificati  Necr           10%        N/A       100%        8
 Lehudib's Crystal Spear  Conj/Erth      10%        10d4      100%        8
 Polar Vortex             Ice            10%        N/A       100%        9
 Swiftness                Air            Unusable   N/A       N/A         3

Dungeon Overview and Level Annotations

Branches:
Dungeon (15/15)            Temple (1/1) D:7            Lair (5/5) D:11
 Shoals (4/4) Lair:2        Snake (4/4) Lair:3        Slime (0/5) Lair:4
    Orc (2/2) D:10            Elf (3/3) Orc:2        Vaults (4/5) D:14
  Crypt (3/3) Vaults:3       Tomb (0/3) Crypt:3      Depths (4/4) D:15
Volcano (visited)          WizLab (visited)
    Zot: Depths:4

Altars:
Cheibriados
Elyvilon
Gozag
Hepliaklqana
Kikubaaqudgha
Makhleb
Nemelex Xobeh
Okawaru
Qazlal
Ru
Sif Muna
Vehumet
Xom
Zin
The Shining One
Jiyva

Shops:
Orc:2 :(*[(:   Elf:3 *   Shoals:2 [   Shoals:3 =   Snake:4 ???   Vaults:3 *
Vaults:4 (

Portals:
Hell: Depths:1 Depths:4
Abyss: Depths:1
Ziggurat: Depths:2

Annotations:
D:10 2 transporters, sanboga's ghost, journeyman MiMo
D:14 4 transporters
Lair:4 1 runed translucent door
Shoals:3 4 transporters


Innate Abilities, Weirdness & Mutations

You cannot be hasted, slowed, berserked, paralysed or teleported.
You can dig through walls and to a lower floor.
You have a pair of large antennae on your head. (SInv)
Your four strong arms can wield two-handed weapons with a shield.
You have very sharp teeth.
You are completely covered in iridescent scales. (AC +6)
You are partially covered in large bone plates. (SH +4)
You possess an exceptional clarity of mind.
Your mind is acute. (Int +4, Str/Dex -1)
Armour fits poorly on your strangely shaped body.
Your flesh is very heat resistant. (rF++)
You are highly strong-willed. (Will++)
You are somewhat resistant to both further mutation and mutation removal.
You are extremely robust. (+30% HP)
Your spells are much harder to cast, but much more powerful.
You expend magic power (3 MP) to strengthen your wands.
You passively dampen the noise of your surroundings.


Message History

* * * LOW HITPOINT WARNING * * *
You extend your mandibles.
You dig through the rock wall.
You feel drained.
Found 57 gold pieces.
The smoke demon gestures at you. Something smites you!
* * * LOW HITPOINT WARNING * * *
Xom thinks this is hilarious!
You retract your mandibles.
A frost giant and a deep troll come into view.
The frost giant is wielding a +2 battleaxe of freezing.
The frost giant shouts!
The deep troll earth mage shouts!
The deep troll shouts!
You fade into invisibility!
Fire: H) +9 shortbow of Reatam {speed, rElec}
Press: ? - help, Q - select action, (/) - cycle Shift-Dir - straight line, f - frost giant
Aim: a frost giant, wielding a +2 battleaxe of freezing (93% to hit)
You shoot an arrow. The arrow hits the frost giant.
The frost giant is lightly wounded.
Casting: Passage of Golubria (mildly dangerous; 12% risk of failure)
Confirm with . or Enter, or press ? or * to list all spells.
Aiming: Passage of Golubria (mildly dangerous; 12% risk of failure)
Press: ? - help, Dir - move target, p - frost giant The deep troll earth mage casts a spell next to the deep troll.
Some rock shatters into small pieces.
The frost giant gestures at you while chanting.
The bolt of cold misses you. The tengu reaver misses you.
You block the tengu reaver's attack. x2
You enter the passage of Golubria.
The deep troll earth mage shouts!
You hear a shout!
The deep troll earth mage casts a spell next to you.
The wall shatters!
The blast of rock fragments hits you but does no damage.
A deep troll earth mage comes into view.
A deep troll comes into view.
You enter the passage of Golubria.
The tengu reaver shouts!
The frost giant points at you and mumbles some strange words.
The bolt of cold hits you!!!
You die...
Xom bursts into laughter!

,,,,,,*,,*,,,,,,,,,*
,,,,,,****,,,,,,,,,*
,,,,,,,,,,,,,,####**
,,,,,,,,,,,,,,#...*
~,,,~,,~,,,,,##..#*
§≈≈≈≈≈.≈.,,,,#...#
§≈≈.≈...#,,,,#...##
≈≈......###'##....# *##
≈≈........#.....@.#####.#
≈.........+.......C.....#
≈.........#.....T$T..$..*
≈.$3.....######T##.....#*
≈........#,,..'...#...Q##
.?......{#...T##...#3##.#
.T......{#,T...#3..3'...##
..§3...{{#{....'...##....#
T§§≈§≈.###,...{#.###.##.##


You could see a frost giant, an iron troll (wandering, unable to see you), a
tengu reaver, 2 deep trolls, a deep troll earth mage and a smoke demon (unable
to see you).

Vanquished Creatures
  An ancient lich (Crypt:3)
  Mennas (Crypt:2)
  3 dread liches
  Saint Roka (Snake:2)
  Xtahua (Crypt:3)
  Vashnia (Snake:2)
  A curse toe (Crypt:3)
  A golden dragon (Vaults:2)
  Jory (Crypt:1)
  Nikola (Vaults:3)
  3 doom hounds
  2 bone dragons
  Rupert (D:14)
  Jorgrun (Orc:1)
  Grunn (Crypt:3)
  3 deep elf blademasters
  A walking earthen tome (Depths:1)
  2 deep elf master archers (Elf:3)
  A walking divine tome (Depths:1)
  An acid blob (Depths:1)
  2 krakens (Shoals:3)
  A tentacled starspawn (Abyss:4)
  Gastronok (Lair:1)
  2 sphinxes
  6 ancient champions (Crypt:3)
  A shadow dragon (Depths:1)
  A thorn hunter (Depths:1)
  Donald (Shoals:3)
  6 nagarajas
  4 revenants
  4 narguns (Depths:1)
  2 deep elf sorcerers (Elf:3)
  3 orc warlords
  5 vault wardens
  Aizul (Snake:3)
  Louise (D:15)
  9 ghouls (Crypt:3)
  A caustic shrike zombie (Crypt:3)
  2 curse skulls
  A caustic shrike skeleton (Crypt:1)
  A spriggan defender (Depths:2)
  7 deep elf elementalists (Elf:3)
  6 war gargoyles
  2 reapers
  7 very ugly things
  13 ironbound preservers
  6 stone giants
  11 ironbound thunderhulks
  6 deep elf demonologists (Elf:3)
  4 entropy weavers
  3 vampire knights
  8 dire elephants
  5 deep elf annihilators
  4 deep elf death magi (Elf:3)
  5 eidola
  6 ettins
  2 green deaths (Snake:3)
  3 fire dragons
  5 merfolk javelineers
  13 merfolk impalers
  A crystal guardian (Vaults:2)
  3 great orbs of eyes
  4 mummy priests (WizLab)
  11 yaktaur captains
  4 deep elf high priests (Elf:3)
  4 vault guards (Vaults:2)
  11 jiangshi
  A rakshasa (Depths:1)
  9 hydras
  4 salamander tyrants
  An ogre mage (D:13)
  8 boulder beetles
  4 catoblepae (Lair:5)
  4 peacekeepers
  14 anacondas
  4 ice dragons
  13 ironbound frosthearts
  5 satyrs
  26 centaur warriors
  23 dancing weapons
  10 two-headed ogres
  2 alligator snapping turtles
  3 merfolk aquamancers (Shoals:4)
  16 naga warriors
  52 slime creatures
  A deep troll earth mage (Depths:1)
  2 death knights
  2 deep troll shamans (Depths:1)
  9 death yaks
  2 tengu warriors
  3 thrashing horrors (Abyss:4)
  A spriggan berserker (Depths:2)
  11 naga sharpshooters
  An emperor scorpion zombie (Crypt:1)
  A sun demon (Depths:1)
  Urug (D:14)
  4 hell knights (Depths:2)
  4 shock serpents
  Sonja (Lair:3)
  6 vampire magi
  Amaemon (Lair:1)
  13 skeletal warriors
  3 orc high priests (Orc:2)
  17 deep elf knights
  A titan skeleton (Crypt:1)
  2 spriggans (Depths:2)
  A fire crab (Lair:5)
  2 storm dragon skeletons
  A shadow wraith (Crypt:2)
  A fire crab (shapeshifter) (D:14)
  5 salamander mystics
  15 sea snakes
  2 iron trolls
  6 flayed ghosts
  2 glowing orange brains
  48 deep trolls
  7 starcursed masses (Abyss:4)
  8 naga ritualists
  7 deep elf archers
  A tengu zombie (WizLab)
  3 necromancers
  6 phantasmal warriors
  43 harpies
  15 ironbound convokers
  4 lindwurms
  7 mana vipers
  27 deep elf zephyrmancers
  5 orc knights
  3 wizards
  6 orc sorcerers
  2 oklob plants (Depths:1)
  5 large abominations
  20 deep elf pyromancers
  A wolf spider (D:14)
  16 ugly things
  A jorogumo zombie (Crypt:1)
  2 frost giant zombies (WizLab)
  11 salamanders
  10 fauns
  6 cyclopes
  19 manticores
  An elephant (shapeshifter) (D:15)
  A sphinx skeleton (Crypt:3)
  A demonspawn zombie (WizLab)
  11 guardian serpents
  An apocalypse crab (Abyss:4)
  A rust devil (Abyss:4)
  11 naga magi
  14 cane toads
  11 water nymphs
  6 merfolk sirens
  14 elephants
  17 vault sentinels
  27 black mambas
  A torpor snail (Lair:5)
  A molten gargoyle (Volcano)
  2 gargoyles
  Maggie (D:9)
  A demonic crawler (Abyss:4)
  2 human zombies (WizLab)
  An orange demon (Lair:1)
  2 unseen horrors
  Psyche (D:8)
  2 freezing wraiths
  A white draconian zombie (Crypt:3)
  12 komodo dragons
  2 tengu conjurers
  3 kobold demonologists (D:10)
  2 red draconian skeletons
  A tormentor (Crypt:2)
  10 yaktaurs
  A meliai (shapeshifter) (D:15)
  2 guardian mummies (WizLab)
  Grinder (D:5)
  4 burning bushes (Lair:2)
  A meliai (Snake:3)
  5 hornets
  35 merfolk
  7 polar bears
  6 trolls
  16 blink frogs
  13 wind drakes
  3 harpy skeletons
  A blink frog (shapeshifter) (Lair:5)
  2 spriggan zombies (WizLab)
  A dream sheep (shapeshifter) (Depths:2)
  A dream sheep (Lair:5)
  An ettin zombie (WizLab)
  15 snapping turtles
  An ice dragon zombie (Crypt:1)
  2 flying skulls (Crypt:3)
  8 air elementals
  28 water elementals
  8 wraiths
  A culicivora (Vaults:3)
  2 shadows
  16 humans
  A slime creature zombie (Crypt:2)
  8 wyverns
  2 fire bats
  10 basilisks
  6 fire elementals
  A neqoxec (Abyss:4)
  7 vampire mosquitoes
  4 chaos spawn
  56 yaks
  3 redbacks
  2 steam dragons
  A glowing shapeshifter zombie (WizLab)
  3 spatial vortices (Abyss:4)
  45 nagas
  2 wargs (Orc:2)
  A merfolk zombie (Crypt:1)
  2 two-headed ogre zombies (D:10)
  An acid dragon (Lair:5)
  17 water moccasins
  A water nymph zombie (Crypt:3)
  A demonspawn skeleton (Crypt:1)
  A floating eye (Depths:2)
  A sky beast (shapeshifter) (D:15)
  A floating eye (shapeshifter) (Depths:1)
  39 orc warriors
  3 black bears
  An ice beast (D:8)
  A swamp dragon zombie (Crypt:3)
  4 ogres
  A floating eye zombie (WizLab)
  9 small abominations
  9 wolves
  2 boggarts (Vaults:2)
  A swamp dragon skeleton (Crypt:2)
  6 centaurs
  2 phantoms (D:10)
  4 kobold brigands
  12 bullfrogs
  An earth elemental (Elf:1)
  5 scorpions
  A wyvern zombie (Crypt:2)
  A necrophage (D:7)
  8 wights (D:9)
  A water moccasin skeleton (Crypt:3)
  3 troll zombies (D:10)
  7 killer bees
  A raiju skeleton (Crypt:2)
  3 howler monkeys
  3 vampire bats (D:11)
  An electric eel (Vaults:4)
  A wolf skeleton (Crypt:3)
  A black bear zombie (Crypt:1)
  3 jellies
  A bullfrog skeleton (Crypt:3)
  2 gnoll boudas
  A hound (D:5)
  34 orc priests
  3 iguanas
  A human skeleton (Crypt:3)
  36 orc wizards
  A naga zombie (Crypt:1)
  3 ogre zombies (D:10)
  A steam dragon zombie (Crypt:2)
  9 gnolls
  6 adders
  2 swamp drake skeletons
  A white imp (D:7)
  An ufetubus (D:5)
  3 worms
  2 dart slugs
  121 orcs
  5 bat skeletons (D:11)
  A bat zombie (D:11)
  9 endoplasms
  2 giant cockroaches
  16 goblins
  14 hobgoblins
  4 quokkas
  2 ball pythons
  3 bats
  A butterfly zombie (Crypt:1)
  2 goblin skeletons (D:10)
  2 goblin zombies (D:10)
  2 hobgoblin skeletons (D:10)
  2 hobgoblin zombies (D:10)
  9 kobolds
  A kobold zombie (Crypt:2)
  An orc skeleton (D:10)
  16 orc zombies (D:10)
  3 rats
  A lurking horror (Abyss:4)
  2 starspawn tentacles (Abyss:4)
  3 tentacles (Shoals:3)
1822 creatures vanquished.

Vanquished Creatures (collateral kills)
  Bai Suzhen (Crypt:1)
  A storm dragon (Shoals:4)
  2 deep elf annihilators (Elf:3)
  3 skeletal warriors
  A naga ritualist (Snake:4)
  A deep elf zephyrmancer (Elf:1)
  A deep elf pyromancer (Elf:1)
  A guardian serpent (Snake:4)
  A tarantella (Vaults:2)
  An air elemental (Elf:3)
  An ice beast (D:5)
  An ogre (D:9)
  6 orcs (D:9)
21 creatures vanquished.

Vanquished Creatures (others)
  A dancing weapon (Elf:3)
  A deep elf knight (Elf:1)
  A salamander mystic (Snake:3)
  A deep troll (Depths:1)
  A slime creature (D:12)
  An orc wizard (D:9)
  15 fungi
  91 plants
  2 starspawn tentacles (Abyss:4)
  20 tentacles (Shoals:3)
134 creatures vanquished.

Grand Total: 1977 creatures vanquished

Notes
Turn   | Place    | Note
-------+----------+-------------------------------------------
     0 | D:1      | FexLirch the Formicid Hunter began the quest for the Orb.
     0 | D:1      | Reached XP level 1. HP: 16/16 MP: 1/1
    65 | D:1      | Reached XP level 2. HP: 22/22 MP: 2/2
    80 | D:1      | You fall into a shaft and drop 1 floor!
   370 | D:2      | Reached XP level 3. HP: 11/27 MP: 3/3
   691 | D:2      | Found a faded altar of an unknown god.
   714 | D:2      | Reached skill level 5 in Ranged Weapons
  1263 | D:3      | Noticed a black bear
  1322 | D:3      | Reached XP level 4. HP: 33/33 MP: 4/4
  1644 | D:4      | Reached skill level 6 in Ranged Weapons
  1644 | D:4      | Reached XP level 5. HP: 38/38 MP: 5/5
  1661 | D:5      | Entered Level 5 of the Dungeon
  1878 | D:4      | Found a snail-covered altar of Cheibriados.
  1882 | D:4      | Found a shimmering altar of Xom.
  1914 | D:4      | Became a worshipper of Xom of Unknown Intention
  1965 | D:4      | Learned a level 1 spell: Apportation
  1988 | D:4      | XOM: potion effect (invisibility)
  2225 | D:3      | XOM: cloud trail
  2287 | D:3      | Killed a black bear
  2288 | D:3      | Reached skill level 7 in Ranged Weapons
  2288 | D:3      | Reached XP level 6. HP: 44/44 MP: 6/6
  2292 | D:3      | XOM: divination: magic mapping
  2300 | D:3      | XOM: divination: detect items
  2562 | D:3      | Found a shimmering blue altar of Sif Muna.
  2562 | D:3      | Found a sparkling altar of Nemelex Xobeh.
  2605 | D:3      | XOM: god gift: faintly humming ring mail {god gift}
  2605 | D:3      | Identified the +5 ring mail of Grace {Dex+5} (Xom gifted it
                  | to you on level 3 of the Dungeon)
  2659 | D:3      | XOM: scenery: 1 doors close
  2675 | D:4      | Reached XP level 7. HP: 50/50 MP: 7/7
  2707 | D:4      | Found a hazy altar of Hepliaklqana.
  2711 | D:4      | Found an opulent altar of Gozag.
  2715 | D:4      | Found an iron altar of Okawaru.
  2716 | D:4      | Found a stormy altar of Qazlal.
  2727 | D:4      | XOM: god gift: 27 gold pieces
  2855 | D:5      | Reached skill level 8 in Ranged Weapons
  2855 | D:5      | Reached skill level 1 in Armour
  2981 | D:5      | XOM: polymorph scorpion -> worm
  3032 | D:5      | Noticed Grinder
  3039 | D:5      | XOM: confuse monster(s)
  3040 | D:5      | You fall into a shaft and drop 2 floors!
  3262 | D:7      | Found a staircase to the Ecumenical Temple.
  3268 | Temple   | Entered the Ecumenical Temple
  3352 | D:7      | XOM: god gift: piece from Xom's chessboard (15/15)
  3424 | D:6      | Reached XP level 8. HP: 56/56 MP: 8/8
  3513 | D:6      | XOM: summons 1 hostile demon
  3572 | D:6      | Reached skill level 9 in Ranged Weapons
  3747 | D:6      | XOM: chaos upgrade
  3782 | D:5      | XOM: god gift: staff of conjuration
  3899 | D:5      | XOM: summons friendly quasit
  3926 | D:5      | Killed Grinder
  3927 | D:5      | Reached skill level 10 in Ranged Weapons
  4092 | D:5      | Reached XP level 9. HP: 61/61 MP: 9/9
  4116 | D:5      | Found a sacrificial altar of Ru.
  4165 | D:5      | Reached skill level 5 in Armour
  4403 | D:6      | XOM: scenery: summon butterflies
  4413 | D:6      | XOM: summons friendly ufetubus
  4429 | D:6      | Reached skill level 11 in Ranged Weapons
  4931 | D:4      | XOM: scenery: 1 doors open
  4966 | D:4      | XOM: give mutations
  4966 | D:4      | Gained mutation: Your flesh is heat resistant. (rF+) [Xom's
                  | grace]
  4966 | D:4      | Gained mutation: You have large cloven feet. [Xom's grace]
  4966 | D:4      | Gained mutation: Your flesh is very heat resistant. (rF++)
                  | [Xom's grace]
  4966 | D:4      | Gained mutation: You have hoof-like feet. [Xom's grace]
  5313 | D:7      | XOM is BORED!
  5313 | D:7      | XOM: give mutations
  5313 | D:7      | Gained mutation: Armour fits poorly on your strangely
                  | shaped body. [Xom's mischief]
  5313 | D:7      | Lost mutation: You have hoof-like feet. [Xom's mischief]
  5313 | D:7      | Gained mutation: You occasionally lose the ability to read
                  | scrolls when taking damage. [Xom's mischief]
  5489 | D:7      | XOM: god gift: 2 datura-tipped darts
  5698 | D:8      | XOM: fog
  5707 | D:8      | Reached skill level 12 in Ranged Weapons
  5879 | D:8      | XOM: divination: magic mapping
  5901 | D:8      | Noticed Psyche
  5998 | D:8      | XOM: enchant monster (good)
  6003 | D:8      | Killed Psyche
  6004 | D:8      | Reached XP level 10. HP: 30/67 MP: 1/10
  6209 | D:8      | XOM: give mutations
  6209 | D:8      | Gained mutation: Your flesh is almost immune to the effects
                  | of heat. (rF+++) [Xom's grace]
  6209 | D:8      | Gained mutation: You are partially covered in large bone
                  | plates. (SH +4) [Xom's grace]
  6209 | D:8      | Gained mutation: You are partially covered in iridescent
                  | scales. (AC +2) [Xom's grace]
  6209 | D:8      | Gained mutation: Your muscles are strong. (Str +4, Int/Dex
                  | -1) [Xom's grace]
  6339 | D:8      | Found a white marble altar of Elyvilon.
  6411 | D:9      | Reached skill level 13 in Ranged Weapons
  6598 | D:9      | XOM: scenery: 2 doors open, 1 doors close
  6629 | D:9      | XOM: fog
  6630 | D:9      | XOM: cleaving
  6678 | D:9      | Noticed Maggie
  6693 | D:9      | Killed Maggie
  6703 | D:9      | XOM: cloud trail
  6735 | D:9      | XOM: cleaving
  6778 | D:9      | XOM: scenery: 1 doors open, 1 doors close
  6848 | D:9      | XOM: scenery: 1 doors open, 1 doors close
  7080 | D:8      | HP: 2/69 [orc warrior/+0 scimitar (15)]
  7092 | D:8      | You fall into a shaft and drop 3 floors!
  7522 | D:11     | XOM: enchant monster (bad)
  7560 | D:11     | Noticed a komodo dragon
  7566 | D:11     | XOM: summons 6 hostile demons
  7570 | D:11     | XOM: cleaving
  7623 | D:11     | Noticed a two-headed ogre
  7637 | D:11     | Killed a two-headed ogre
  7638 | D:11     | Reached skill level 14 in Ranged Weapons
  7677 | D:11     | Found an ancient bone altar of Kikubaaqudgha.
  7715 | D:11     | Noticed a seven-headed hydra
  7718 | D:11     | Noticed a boulder beetle
  7725 | D:11     | You fall into a shaft and drop 3 floors!
  7924 | D:14     | Noticed a death knight
  7952 | D:13     | Noticed a centaur warrior
  7984 | D:12     | Noticed an unseen horror
  7995 | D:12     | Killed an unseen horror
  8108 | D:12     | XOM: fog
  8120 | D:12     | XOM: cast spell 'Statue Form'
  8150 | D:11     | You fall into a shaft and drop 3 floors!
  8308 | D:13     | XOM: summons 1 hostile demon
  8344 | D:13     | Found a glowing silver altar of Zin.
  8518 | D:12     | Reached XP level 11. HP: 60/78 MP: 11/11
  8668 | D:11     | XOM: noise
  8675 | D:11     | XOM: noise
  8683 | D:11     | You fall into a shaft and drop 1 floor!
  8771 | D:11     | Killed a seven-headed hydra
  8786 | D:11     | Reached skill level 5 in Fighting
  8859 | D:11     | Found a staircase to the Lair.
  8881 | D:11     | XOM: cleaving
  8895 | D:11     | Noticed an elephant
  8901 | D:11     | Noticed a manticore
  8902 | D:11     | an elephant changed into a guardian serpent
  8902 | D:11     | XOM: polymorph elephant -> guardian serpent
  8911 | D:11     | You fall into a shaft and drop 1 floor!
  9167 | D:12     | XOM: scenery: create altars
  9197 | D:12     | XOM: scenery: summon butterflies
  9224 | D:12     | Noticed a four-headed hydra
  9225 | D:12     | XOM: scenery: 2 doors close
  9256 | D:12     | Killed a four-headed hydra
  9257 | D:12     | Reached skill level 15 in Ranged Weapons
  9539 | D:10     | Entered Level 10 of the Dungeon
  9539 | D:10     | Noticed a two-headed ogre
  9586 | D:11     | XOM: confuse monster(s)
  9599 | D:11     | XOM: confuse monster(s)
  9609 | D:11     | Killed a manticore
  9610 | D:11     | Reached skill level 5 in Dodging
  9684 | D:10     | XOM: scenery: create altars
  9693 | D:10     | XOM: god gift: 959 gold pieces
 10070 | D:9      | XOM: divination: detect creatures
 10506 | D:9      | Found a burning altar of Makhleb.
 10637 | D:9      | XOM: potion effect (might)
 10641 | D:9      | Reached XP level 12. HP: 63/89 MP: 12/12
 10656 | D:9      | XOM: noise
 10660 | D:9      | XOM: enchant monster (bad)
 10976 | D:10     | Noticed a fire dragon
 10983 | D:10     | Found a transporter.
 10987 | D:10     | Noticed sanboga's ghost (journeyman MiMo)
 11046 | D:10     | Noticed a two-headed ogre
 11053 | D:10     | You fall into a shaft and drop 1 floor!
 11442 | D:10     | Noticed a sixfirhy
 11539 | D:10     | Found a transporter.
 11595 | D:10     | XOM: potion effect (brilliance)
 11597 | D:10     | Reached skill level 16 in Ranged Weapons
 11708 | D:10     | Found a staircase to the Orcish Mines.
 11719 | D:10     | XOM: divination: magic mapping
 11755 | D:10     | Killed a two-headed ogre
 11765 | D:10     | XOM: scenery: summon butterflies
 11954 | D:10     | Killed a two-headed ogre
 12183 | D:11     | Noticed a boulder beetle
 12266 | D:11     | Killed a boulder beetle
 12362 | D:11     | Noticed a boulder beetle
 12369 | D:11     | Killed a boulder beetle
 12425 | D:11     | XOM: potion effect (invisibility)
 12533 | D:11     | XOM: summons friendly ufetubus
 12537 | D:11     | Killed a boulder beetle
 12682 | D:12     | Noticed an eight-headed hydra
 12688 | D:12     | Killed an eight-headed hydra
 12725 | D:12     | Reached XP level 13. HP: 99/99 MP: 13/13
 13023 | D:12     | XOM: enchant monster (good)
 13086 | D:12     | XOM: summons friendly iron imp
 13212 | D:12     | XOM: god gift: book of Touch
 13217 | D:12     | Learned a level 2 spell: Passwall
 13264 | D:13     | Noticed a centaur warrior
 13267 | D:13     | Killed a centaur warrior
 13311 | D:13     | XOM: scenery: 1 doors open, 1 doors close
 13312 | D:13     | XOM: chaos upgrade
 13322 | D:13     | XOM: cleaving
 13332 | D:13     | XOM: confusion
 13338 | D:13     | Reached skill level 17 in Ranged Weapons
 13498 | Lair:1   | Entered Level 1 of the Lair of Beasts
 13502 | Lair:1   | XOM: chaos cloud
 13508 | Lair:1   | XOM: cleaving
 13513 | Lair:1   | XOM: enchant monster (good)
 13519 | Lair:1   | XOM: polymorph blink frog -> polar bear
 13548 | Lair:1   | Reached skill level 1 in Evocations
 13613 | Lair:1   | XOM: fog
 13618 | Lair:1   | XOM: god gift: 50 gold pieces
 13728 | Lair:1   | XOM: enchant monster (good)
 13749 | Lair:1   | Noticed Amaemon
 13755 | Lair:1   | Killed Amaemon
 13907 | Lair:1   | Noticed Gastronok
 13919 | Lair:1   | Killed Gastronok
 14014 | Lair:1   | You fall into a shaft and drop 1 floor!
 14190 | Lair:2   | Noticed a five-headed hydra
 14192 | Lair:2   | Killed a five-headed hydra
 14302 | Lair:2   | XOM: fake destruction
 14304 | Lair:2   | Reached XP level 14. HP: 98/109 MP: 14/14
 14388 | Lair:2   | Reached skill level 10 in Fighting
 14397 | Lair:2   | Reached skill level 18 in Ranged Weapons
 14436 | Lair:2   | Found a staircase to the Shoals.
 14437 | Lair:2   | XOM: potion effect (invisibility)
 14540 | Lair:2   | XOM: silly message
 14821 | Lair:1   | XOM: divination: detect items
 14824 | Lair:1   | XOM: silly message
 15346 | Lair:3   | Reached skill level 5 in Evocations
 15362 | Lair:4   | Identified the +2 chain mail "Acaergha" {Dex+4}
 15384 | Lair:4   | XOM: silly message
 15471 | Lair:4   | XOM: silly message
 15570 | Lair:4   | XOM: silly message
 15613 | Lair:4   | Found a runed translucent door.
 15613 | Lair:4   | Found the +8 whip "Snakebite" {venom, curare, rPois}
 15639 | Lair:4   | Found a dark tunnel.
 15647 | Volcano  | Entered a volcano
 15684 | Volcano  | Identified the +1 helmet of Abstinence {Rampage}
 15781 | Volcano  | XOM: silly message
 16006 | Lair:4   | Found a viscous altar of Jiyva.
 16006 | Lair:4   | Found a staircase to the Slime Pits.
 16432 | Lair:5   | Entered Level 5 of the Lair of Beasts
 16497 | Lair:5   | XOM: divination: magic mapping
 16506 | Lair:5   | XOM: potion effect (heal wounds)
 16511 | Lair:5   | XOM: potion effect (brilliance)
 16514 | Lair:5   | XOM: summons friendly crimson imp
 16528 | Lair:5   | Reached skill level 10 in Armour
 16700 | Lair:5   | XOM: polymorph water moccasin -> acid dragon
 16727 | Lair:5   | Reached XP level 15. HP: 70/117 MP: 15/15
 16879 | Lair:5   | XOM: scenery: create altars
 16890 | Lair:5   | XOM: god gift: potion of curing
 17187 | Lair:5   | XOM: divination: detect creatures
 17283 | Lair:5   | XOM: polymorph yak -> polar bear
 17310 | Lair:5   | XOM: fake destruction
 17311 | Lair:5   | XOM: polymorph death yak -> shapeshifter
 17352 | Lair:5   | Reached skill level 19 in Ranged Weapons
 17468 | Lair:5   | XOM: god gift: amulet of the acrobat
 17863 | Orc:1    | Entered Level 1 of the Orcish Mines
 17952 | Orc:2    | Entered Level 2 of the Orcish Mines
 18014 | Orc:1    | XOM: chaos upgrade
 18227 | Orc:2    | Noticed an orc warlord
 18232 | Orc:2    | Killed an orc warlord
 18266 | Orc:1    | XOM: polymorph orc warrior -> fire bat
 18379 | Orc:2    | XOM: swap monsters
 18417 | Orc:2    | XOM: confusion (+ monsters)
 18469 | Orc:2    | XOM: divination: detect creatures
 18470 | Orc:2    | XOM: cast spell 'Chain of Chaos'
 18584 | Orc:2    | Found Doxubb's Vocational Training.
 18585 | Orc:2    | Found Haizur's Antique Weapon Emporium.
 18699 | Orc:2    | Found a staircase to the Elven Halls.
 18841 | Orc:2    | Found Fifeez's General Store.
 18842 | Orc:2    | Found Ciaroku's Book Shop.
 18844 | Orc:2    | Found Nosyusm's Antique Armour Boutique.
 18844 | Orc:2    | Found Peimi's Antique Weapon Boutique.
 19031 | Orc:2    | Bought a manual of Dodging for 1120 gold pieces
 19077 | Orc:2    | Bought a manual of Evocations for 1280 gold pieces
 19122 | Orc:2    | Bought a potion of flight for 45 gold pieces
 19122 | Orc:2    | Bought a potion of degeneration for 15 gold pieces
 19162 | Orc:1    | You fall into a shaft and drop 1 floor!
 19203 | Orc:2    | XOM: summons 1 hostile demon
 19218 | Orc:1    | Noticed Jorgrun
 19260 | Orc:2    | Lost mutation: You are partially covered in iridescent
                  | scales. (AC +2) [potion of mutation]
 19260 | Orc:2    | Lost mutation: You have large cloven feet. [potion of
                  | mutation]
 19260 | Orc:2    | Lost mutation: You are partially covered in large bone
                  | plates. (SH +4) [potion of mutation]
 19260 | Orc:2    | Gained mutation: You have large cloven feet. [potion of
                  | mutation]
 19260 | Orc:2    | Gained mutation: Your spells are a little harder to cast,
                  | but a little more powerful. [potion of mutation]
 19260 | Orc:2    | Gained mutation: You have very sharp teeth. [potion of
                  | mutation]
 19415 | Orc:1    | Killed Jorgrun
 19416 | Orc:1    | Reached skill level 10 in Dodging
 19416 | Orc:1    | Reached XP level 16. HP: 127/127 MP: 16/16
 19755 | D:13     | XOM: summons 3 hostile shadow creatures
 19887 | D:13     | Identified the +5 war axe of the Real Monster {holy, rC+}
 19939 | D:13     | XOM: smoke on damage
 19941 | D:13     | XOM: cast spell 'Necromutation'
 19943 | D:13     | You fall into a shaft and drop 2 floors!
 19943 | D:15     | Entered Level 15 of the Dungeon
 20025 | D:15     | XOM: scenery: 1 doors open
 20085 | D:15     | XOM: scenery: 2 doors close
 20145 | D:15     | XOM: enchant monster (good)
 20149 | D:14     | Noticed Urug
 20149 | D:14     | Noticed Rupert
 20149 | D:14     | Found a gate to the Vaults.
 20306 | D:13     | XOM: scenery: summon butterflies
 20338 | D:12     | XOM: give mutations
 20338 | D:12     | Gained mutation: You have hidden genetic potential. [Xom's
                  | grace]
 20338 | D:12     | Gained mutation: You are robust. (+10% HP) [Xom's grace]
 20338 | D:12     | Gained mutation: You possess an exceptional clarity of
                  | mind. [Xom's grace]
 20338 | D:12     | Gained mutation: You are partially covered in iridescent
                  | scales. (AC +2) [Xom's grace]
 20765 | D:13     | XOM: scenery: 1 doors close
 21025 | D:13     | XOM: god gift: 26 gold pieces
 21170 | D:13     | Reached skill level 1 in Shields
 21267 | D:13     | XOM: give mutations
 21267 | D:13     | Gained mutation: You are mostly covered in iridescent
                  | scales. (AC +4) [Xom's grace]
 21267 | D:13     | Gained mutation: Your mind is acute. (Int +4, Str/Dex -1)
                  | [Xom's grace]
 21312 | D:14     | Found a white marble altar of Elyvilon.
 21312 | D:14     | Found a glowing golden altar of the Shining One.
 21314 | D:14     | Found a glowing silver altar of Zin.
 21372 | D:14     | XOM: give mutation
 21372 | D:14     | Gained mutation: Your muscles are very strong. (Str +8,
                  | Int/Dex -2) [Xom's grace]
 21378 | D:14     | XOM: summons friendly crimson imp
 21381 | D:14     | Killed Rupert
 21406 | D:14     | Killed Urug
 21450 | D:14     | Reached skill level 20 in Ranged Weapons
 21539 | D:14     | Found a transporter.
 21542 | D:14     | Found a transporter.
 21763 | D:14     | Found a transporter.
 21786 | D:14     | Found a transporter.
 21890 | D:15     | XOM: summons 7 hostile demons
 21937 | D:15     | Noticed Louise
 21955 | D:15     | Killed Louise
 22041 | D:15     | XOM: summons 4 friendly demons
 22048 | D:15     | Reached skill level 10 in Evocations
 22133 | D:15     | XOM: enchant monster (bad)
 22148 | D:15     | XOM: confuse monster(s)
 22336 | Lair:3   | Found a staircase to the Snake Pit.
 22364 | Lair:3   | XOM: fog
 22455 | Lair:3   | Reached skill level 5 in Shields
 22703 | Lair:3   | Noticed Sonja
 22704 | Lair:3   | Killed Sonja
 23004 | Snake:1  | XOM: noise
 23004 | Snake:1  | Entered Level 1 of the Snake Pit
 23015 | Snake:1  | XOM: scenery: create altars
 23017 | Snake:1  | XOM: divine lightning
 23132 | Snake:1  | Reached XP level 17. HP: 148/148 MP: 17/17
 23221 | Snake:1  | XOM: fog
 23354 | Snake:1  | Found an iron altar of Okawaru.
 23729 | Snake:2  | Noticed Vashnia
 23730 | Snake:2  | XOM: destruction
 23846 | Snake:2  | XOM: fake destruction
 23847 | Snake:2  | Killed Vashnia
 23853 | Snake:2  | XOM: enchant monster (good)
 23854 | Snake:2  | XOM: cast spell 'Summon Dragon'
 23871 | Snake:1  | Gained mutation: You expend magic power (3 MP) to
                  | strengthen your wands. [hidden potential]
 23960 | Snake:2  | XOM: snakes to sticks
 24085 | Snake:2  | Noticed Saint Roka
 24116 | Snake:2  | Killed Saint Roka
 24329 | Snake:2  | XOM: divination: detect items
 24332 | Snake:2  | XOM: scenery: summon butterflies
 24368 | Snake:2  | XOM: destruction
 24521 | Snake:2  | XOM: give mutation
 24521 | Snake:2  | Gained mutation: Your spells are harder to cast, but more
                  | powerful. [Xom's grace]
 24814 | Snake:3  | XOM: god gift: scroll of vulnerability
 24853 | Snake:3  | Noticed Aizul
 24854 | Snake:3  | XOM: destruction
 24872 | Snake:3  | XOM: smoke on damage
 24884 | Snake:3  | You fall into a shaft and drop 1 floor!
 24884 | Snake:4  | Entered Level 4 of the Snake Pit
 24991 | Snake:4  | XOM: smoke on damage
 24994 | Snake:4  | Reached skill level 10 in Shields
 25113 | Snake:4  | XOM: cleaving
 25150 | Snake:3  | XOM: confuse monster(s)
 25161 | Snake:3  | XOM: cloud trail
 25185 | Snake:3  | XOM: enchant monster (good)
 25209 | Snake:3  | XOM: polymorph salamander -> meliai
 25211 | Snake:3  | XOM: scenery: summon butterflies
 25305 | Snake:3  | Killed Aizul
 25380 | Snake:3  | Found a runed translucent door.
 25442 | Snake:3  | XOM: give mutations
 25442 | Snake:3  | Gained mutation: Your system is resistant to poisons.
                  | (rPois) [Xom's grace]
 25442 | Snake:3  | Gained mutation: You are strong-willed. (Will+) [Xom's
                  | grace]
 25442 | Snake:3  | Gained mutation: You have sharp fingernails. [Xom's grace]
 25442 | Snake:3  | Gained mutation: You have great hidden genetic potential.
                  | [Xom's grace]
 25527 | Snake:3  | Reached XP level 18. HP: 158/158 MP: 18/18
 25687 | Snake:3  | XOM: summons friendly ufetubus
 25812 | Snake:3  | XOM: god gift: 8 stones
 25878 | Snake:3  | XOM: divination: detect creatures
 25880 | Snake:3  | XOM: enchant monster (good)
 26313 | Snake:4  | Gained mutation: You are highly strong-willed. (Will++)
                  | [hidden potential]
 26313 | Snake:4  | Lost mutation: You have great hidden genetic potential.
                  | [hidden potential expressed]
 26330 | Snake:4  | XOM: divination: detect items
 26634 | Snake:4  | Found Lobruus's Magic Scroll Shoppe.
 26636 | Snake:4  | Found Voev's Magic Scroll Emporium.
 26638 | Snake:4  | Found Cyami's Magic Scroll Shoppe.
 26642 | Snake:4  | Bought a scroll of identify for 26 gold pieces
 26642 | Snake:4  | Bought a scroll of identify for 26 gold pieces
 26648 | Snake:4  | Bought a scroll of fear for 64 gold pieces
 26650 | Snake:4  | Bought a scroll of fear for 68 gold pieces
 26650 | Snake:4  | Bought a scroll of enchant weapon for 127 gold pieces
 26714 | Snake:4  | XOM: enchant monster (bad)
 26900 | Snake:4  | XOM: cleaving
 26904 | Snake:4  | XOM: chaos cloud
 26906 | Snake:4  | XOM: swap monsters
 27003 | Snake:4  | XOM: divination: detect items
 27004 | Snake:4  | XOM: potion effect (might)
 27067 | Snake:4  | XOM: fog
 27132 | Snake:4  | Got a serpentine rune of Zot
 27499 | Orc:2    | XOM: god gift: 2 potions of attraction
 27533 | Elf:1    | Entered Level 1 of the Elven Halls
 27549 | Elf:1    | XOM: summons 2 friendly demons
 27744 | Elf:1    | XOM: give mutation
 27744 | Elf:1    | Gained mutation: Your spells are much harder to cast, but
                  | much more powerful. [Xom's grace]
 27781 | Elf:1    | XOM: cloud trail
 27893 | Elf:1    | XOM: divination: magic mapping
 28099 | Elf:1    | Got the Quarto of Generative Arcane Weapons
 28134 | Elf:1    | XOM: summons 13 friendly demons
 28217 | Elf:1    | Identified the +1 leather armour of Insurance {Contam Str+6
                  | Stlth+}
 28330 | Elf:1    | XOM: stat loss: -1 Int (13/14)
 28412 | Elf:1    | Reached XP level 19. HP: 168/168 MP: 19/19
 28838 | Elf:2    | Reached skill level 15 in Evocations
 29027 | Elf:2    | Found a radiant altar of Vehumet.
 29269 | Elf:2    | Gained mutation: You are very robust. (+20% HP) [hidden
                  | potential]
 29298 | Elf:2    | Reached skill level 21 in Ranged Weapons
 29354 | Elf:2    | XOM: enchant monster (bad)
 29413 | Elf:2    | Found a runed translucent gate.
 29417 | Elf:2    | Found a runed translucent gate.
 29417 | Elf:2    | Found a runed translucent gate.
 29483 | Elf:2    | XOM: summons 2 hostile demons
 29621 | Elf:2    | XOM: chaos upgrade
 29718 | Elf:2    | XOM: summons 7 hostile demons
 29722 | Elf:2    | XOM: blink monster(s)
 29760 | Elf:2    | Reached skill level 15 in Dodging
 29786 | Elf:2    | XOM: potion effect (heal wounds)
 29790 | Elf:2    | XOM: cast spell 'Alistair's Intoxication'
 29921 | Elf:2    | XOM: noise
 29936 | Elf:2    | Reached skill level 15 in Fighting
 29967 | Elf:2    | Noticed a deep elf blademaster
 29971 | Elf:2    | XOM: cast spell 'Summon Ice Beast'
 29972 | Elf:2    | XOM: cast spell 'Metabolic Englaciation'
 29973 | Elf:2    | XOM: divination: magic mapping
 29977 | Elf:2    | Killed a deep elf blademaster
 30183 | Elf:3    | Entered Level 3 of the Elven Halls
 30292 | Elf:3    | XOM: confuse monster(s)
 30363 | Elf:3    | Found Fypnec's Assorted Antiques.
 30386 | Elf:3    | Bought a potion of heal wounds for 200 gold pieces
 30386 | Elf:3    | Bought a slimy robe for 228 gold pieces
 30386 | Elf:3    | Identified the +0 robe "Tailuc" {Fly Int+3} (You bought it
                  | in a shop on level 3 of the Elven Halls)
 30433 | Elf:3    | XOM: summons friendly white imp
 30511 | Elf:3    | Found a radiant altar of Vehumet.
 30647 | Elf:3    | Identified the +7 battleaxe of Balance {freeze, rF+ Will+}
 31013 | Shoals:1 | Entered Level 1 of the Shoals
 31052 | Shoals:1 | Identified a scroll of acquirement
 31056 | Shoals:1 | XOM: confuse monster(s)
 31076 | Shoals:1 | Acquired 753 gold pieces
 31081 | Shoals:1 | Found a flickering gateway to a bazaar.
 31099 | Bazaar   | Entered a bazaar
 31099 | Bazaar   | Found Kumog's Antique Armour Boutique.
 31115 | Bazaar   | Found Riycipen's Jewellery Boutique.
 31117 | Bazaar   | Found Xatub's Antique Armour Emporium.
 31155 | Bazaar   | Found Petu's Magic Scroll Shoppe.
 31188 | Bazaar   | Bought the ring of Beauty {Int+6 Slay+4 SInv} for 704 gold
                  | pieces
 31411 | Shoals:1 | Found a runed translucent door.
 31489 | Shoals:1 | Reached XP level 20. HP: 175/191 MP: 20/20
 31512 | Shoals:1 | Identified the +1 plate armour of Coaluiza {*Slow Str+6}
 31799 | Shoals:2 | Gained mutation: You are completely covered in iridescent
                  | scales. (AC +6) [hidden potential]
 31799 | Shoals:2 | Lost mutation: You have hidden genetic potential. [hidden
                  | potential expressed]
 31968 | Shoals:2 | XOM: god gift: +0 sling of chaos
 32027 | Shoals:2 | XOM: confuse monster(s)
 32101 | Shoals:2 | Found Panolusa's Antique Armour Shoppe.
 32142 | Shoals:2 | XOM: god gift: 51 gold pieces
 32212 | Shoals:3 | Found a transporter.
 32212 | Shoals:3 | Found a transporter.
 32253 | Shoals:3 | Noticed Donald
 32256 | Shoals:3 | Killed Donald
 32329 | Shoals:3 | Found Gualux's Jewellery Shoppe.
 32338 | Shoals:3 | XOM: chaos upgrade
 32488 | Shoals:3 | XOM: summons friendly iron imp
 32582 | Shoals:3 | Found a transporter.
 32611 | Shoals:3 | XOM: noise
 32615 | Shoals:3 | XOM: cleaving
 32622 | Shoals:3 | XOM: scenery: create altars
 32629 | Shoals:3 | XOM: silly message
 32661 | Shoals:3 | Found a transporter.
 32707 | Shoals:3 | XOM: summons friendly shadow imp
 32710 | Shoals:3 | XOM: noise
 32743 | Shoals:3 | XOM: fake destruction
 32802 | Shoals:4 | Entered Level 4 of the Shoals
 32826 | Shoals:3 | XOM: summons 2 hostile demons
 33085 | Shoals:4 | XOM: swap monsters
 33286 | Shoals:4 | Reached skill level 15 in Shields
 33290 | Shoals:4 | Reached XP level 21. HP: 205/205 MP: 21/21
 33541 | Shoals:4 | XOM: divination: magic mapping
 33699 | Shoals:4 | Got a barnacled rune of Zot
 34028 | Elf:3    | Lost mutation: You occasionally lose the ability to read
                  | scrolls when taking damage. [potion of mutation]
 34028 | Elf:3    | Lost mutation: You have large cloven feet. [potion of
                  | mutation]
 34028 | Elf:3    | Lost mutation: Your system is resistant to poisons. (rPois)
                  | [potion of mutation]
 34049 | Elf:3    | XOM: god gift: 47 gold pieces
 34079 | Elf:3    | Identified the +5 battleaxe of Wounding {flame, Int+5}
 34079 | Elf:3    | Identified the ring of Jihuh {Will+ Str+4}
 34137 | Elf:3    | Identified the +0 chain mail of Catatonia {Dex+3}
 34166 | Elf:3    | Learned a level 2 spell: Ensorcelled Hibernation
 34177 | Elf:3    | Identified the +5 flail "Gailetsy" {speed, Dex+6}
 34189 | Elf:3    | Identified the +7 quarterstaff of the Omega Point {pain,
                  | Drain rElec rCorr Int+4}
 34195 | Elf:3    | XOM: swap monsters
 34277 | Elf:3    | Identified the +5 halberd of the Mashing Enemy {freeze,
                  | Fragile rC++ rN++}
 34311 | Elf:3    | XOM: divination: detect items
 34323 | Elf:3    | XOM: silly message
 34428 | Elf:3    | Learned a level 2 spell: Wereblood
 34499 | Elf:3    | Identified the +1 robe of Servitude {-Tele rN+ Will+}
 34507 | Elf:3    | Got Toustib's Codex of Incendiary Stolen Souls
 34586 | Elf:3    | XOM: give mutations
 34586 | Elf:3    | Lost mutation: You have sharp fingernails. [Xom's mischief]
 34586 | Elf:3    | Lost mutation: You have very sharp teeth. [Xom's mischief]
 34586 | Elf:3    | Lost mutation: Your muscles are very strong. (Str +8,
                  | Int/Dex -2) [Xom's mischief]
 34694 | Elf:3    | Reached skill level 22 in Ranged Weapons
 34797 | Orc:2    | Bought a book of the Moon for 560 gold pieces
 34802 | Orc:2    | Learned a level 4 spell: Passage of Golubria
 34919 | Vaults:1 | Entered Level 1 of the Vaults
 35080 | Vaults:1 | Reached skill level 1 in Transmutations
 35098 | Vaults:1 | Reached skill level 1 in Spellcasting
 35143 | Vaults:1 | Reached skill level 1 in Translocations
 35375 | Vaults:1 | XOM: confuse monster(s)
 35779 | Vaults:1 | XOM: torment (85/207 hp)
 35809 | Vaults:1 | XOM: noise
 36357 | Vaults:2 | Identified the +8 quarterstaff of Abuse {speed, MP+9}
 36413 | Vaults:2 | Reached XP level 22. HP: 161/216 MP: 26/26
 36421 | Vaults:2 | XOM: confuse monster(s)
 36422 | Vaults:2 | XOM: noise
 36456 | Vaults:2 | XOM: cast spell 'Summon Cactus Giant'
 36566 | Vaults:2 | XOM: swap monsters
 36585 | Vaults:2 | XOM: polymorph deep troll -> manticore
 36611 | Vaults:2 | Found a flickering gateway to a bazaar.
 36631 | Bazaar   | Entered a bazaar
 36631 | Bazaar   | Found Maz Ilou's Antique Armour Boutique.
 36631 | Bazaar   | Found Rukhlem's Weapon Shop.
 36631 | Bazaar   | Found Yrgheyve's Weapon Shop.
 36643 | Bazaar   | Bought a pair of masterwork boots for 209 gold pieces
 36643 | Bazaar   | Identified the +0 pair of boots of the Zebra {+Blink rElec}
                  | (You bought it in a shop in a bazaar)
 36888 | Vaults:2 | XOM: summons 2 hostile demons
 36910 | Vaults:2 | Noticed a golden dragon
 36910 | Vaults:2 | an ironbound thunderhulk changed into a golden dragon
 36910 | Vaults:2 | XOM: polymorph ironbound thunderhulk -> golden dragon
 36921 | Vaults:2 | Killed a golden dragon
 37098 | Vaults:2 | Identified the +10 halberd of the Resonant God {freeze,
                  | Will+ Str+4}
 37412 | Vaults:2 | XOM: summons 3 hostile shadow creatures
 37433 | Vaults:2 | XOM: blink monster(s)
 37444 | Vaults:2 | XOM: stat loss: -1 Dex (27/28)
 37452 | Vaults:2 | XOM: swap monsters
 37453 | Vaults:2 | XOM: cleaving
 37468 | Vaults:2 | XOM: summons friendly chaos spawn
 37622 | Vaults:2 | XOM: fog
 37643 | Vaults:2 | XOM: god gift: 704 gold pieces
 37753 | Vaults:2 | XOM: give mutations
 37753 | Vaults:2 | Gained mutation: You have sharp fingernails. [Xom's grace]
 37753 | Vaults:2 | Gained mutation: You are extremely robust. (+30% HP) [Xom's
                  | grace]
 37753 | Vaults:2 | Gained mutation: You are covered in fur. (AC +1) [Xom's
                  | grace]
 37753 | Vaults:2 | Gained mutation: You passively dampen the noise of your
                  | surroundings. [Xom's grace]
 37872 | Vaults:3 | XOM: scenery: create altars
 38127 | Vaults:3 | You fall into a shaft and drop 1 floor!
 38148 | Vaults:4 | XOM: give mutations
 38148 | Vaults:4 | Lost mutation: Your mind is acute. (Int +4, Str/Dex -1)
                  | [Xom's mischief]
 38148 | Vaults:4 | Lost mutation: Your flesh is almost immune to the effects
                  | of heat. (rF+++) [Xom's mischief]
 38248 | Vaults:4 | Reached skill level 5 in Spellcasting
 38250 | Vaults:4 | Identified the +8 trident "Vediffap" {elec, Stlth+}
 38543 | Vaults:3 | Identified the +9 shortbow of Reatam {speed, rElec}
 38738 | Vaults:3 | Found a staircase to the Crypt.
 38740 | Vaults:3 | Found Waromate's Assorted Antiques.
 38765 | Vaults:3 | Noticed Nikola
 38768 | Vaults:3 | XOM: potion effect (might)
 38770 | Vaults:3 | XOM: fog
 38775 | Vaults:3 | Killed Nikola
 38815 | Vaults:3 | Bought a pair of glowing gloves for 262 gold pieces
 39329 | Vaults:3 | XOM: summons friendly white imp
 39340 | Vaults:3 | Reached XP level 23. HP: 244/244 MP: 31/31
 39450 | Vaults:3 | XOM: silly message
 39551 | Vaults:3 | XOM: summons 5 friendly demons
 39556 | Vaults:3 | XOM: divination: detect items
 39565 | Vaults:3 | Reached skill level 5 in Translocations
 40113 | Vaults:4 | XOM: summons friendly white imp
 40120 | Vaults:4 | XOM: fake destruction
 40233 | Vaults:4 | Found Pyunwat's Antique Weapon Emporium.
 40287 | Vaults:4 | XOM: enchant monster (good)
 40373 | Vaults:4 | Reached skill level 15 in Armour
 40436 | Vaults:4 | XOM: cast spell 'Olgreb's Toxic Radiance'
 40522 | Vaults:4 | XOM: silly message
 40539 | Vaults:4 | XOM: divination: detect items
 40669 | Vaults:4 | XOM: potion effect (might)
 40798 | Vaults:4 | XOM: silly message
 40961 | Vaults:4 | XOM: divination: detect creatures
 40976 | Vaults:2 | XOM is BORED!
 40976 | Vaults:2 | XOM: noise
 41185 | Shoals:3 | Bought a ring of positive energy for 320 gold pieces
 41423 | Crypt:1  | Entered Level 1 of the Crypt
 41501 | Crypt:1  | Noticed Jory
 41508 | Crypt:1  | XOM: silly message
 41528 | Crypt:1  | Killed Jory
 41634 | Crypt:1  | XOM: butterfly on damage
 41643 | Crypt:1  | XOM: potion effect (invisibility)
 41706 | Crypt:1  | XOM: silly message
 42020 | Crypt:1  | XOM: silly message
 42055 | Crypt:1  | XOM: potion effect (curing)
 42106 | Crypt:1  | Noticed Bai Suzhen
 42117 | Crypt:1  | Killed Bai Suzhen
 42374 | Crypt:1  | XOM: silly message
 42595 | Crypt:3  | Entered Level 3 of the Crypt
 42629 | Crypt:3  | Noticed a dread lich
 42630 | Crypt:3  | Found an ancient bone altar of Kikubaaqudgha.
 42643 | Crypt:2  | Killed a dread lich
 42644 | Crypt:2  | XOM: give mutations
 42644 | Crypt:2  | Gained mutation: You have sharp toenails. [Xom's grace]
 42644 | Crypt:2  | Gained mutation: Your mind is acute. (Int +4, Str/Dex -1)
                  | [Xom's grace]
 42644 | Crypt:2  | Gained mutation: You are somewhat resistant to further
                  | mutation. [Xom's grace]
 42686 | Crypt:3  | XOM: summons friendly shadow imp
 42687 | Crypt:3  | Reached XP level 24. HP: 257/257 MP: 34/34
 42767 | Crypt:3  | Found a magical portal.
 42783 | WizLab   | Entered Doroklohe's Tomb
 42835 | WizLab   | XOM: give mutations
 42835 | WizLab   | Lost mutation: Your mind is acute. (Int +4, Str/Dex -1)
                  | [Xom's mischief]
 42835 | WizLab   | Lost mutation: You have sharp toenails. [Xom's mischief]
 43018 | WizLab   | Got the Parchment of Interference
 43057 | WizLab   | Noticed a dread lich
 43070 | WizLab   | XOM: silly message
 43074 | WizLab   | Killed a dread lich
 43075 | WizLab   | Reached skill level 23 in Ranged Weapons
 43305 | WizLab   | XOM: noise
 43409 | Crypt:3  | XOM: silly message
 43427 | Crypt:3  | Noticed Grunn
 43438 | Crypt:3  | XOM: noise
 43514 | Crypt:2  | XOM: potion effect (might)
 43629 | Crypt:2  | XOM: silly message
 43801 | Crypt:2  | XOM: potion effect (might)
 43804 | Crypt:2  | XOM: summons 16 friendly demons
 43990 | Crypt:2  | XOM: cloud trail
 43992 | Crypt:2  | XOM: scenery: 1 doors open
 44029 | Crypt:2  | XOM: god gift: wand of iceblast (5)
 44123 | Crypt:2  | Noticed Mennas
 44126 | Crypt:2  | XOM: god gift: wand of iceblast (5)
 44180 | Crypt:2  | Killed Mennas
 44197 | Crypt:2  | XOM: cloud trail
 44381 | Crypt:2  | XOM: give mutations
 44381 | Crypt:2  | Gained mutation: Your mind is acute. (Int +4, Str/Dex -1)
                  | [Xom's grace]
 44381 | Crypt:2  | Gained mutation: You are partially covered in large bone
                  | plates. (SH +4) [Xom's grace]
 44515 | Crypt:3  | XOM: summons 2 friendly demons
 44522 | Crypt:2  | XOM: enchant monster (good)
 44529 | Crypt:2  | XOM: give mutation
 44529 | Crypt:2  | Gained mutation: You have very sharp teeth. [Xom's grace]
 44641 | Crypt:3  | Killed Grunn
 44720 | Crypt:3  | XOM: god gift: 39 gold pieces
 44916 | Crypt:3  | Noticed Xtahua
 44926 | Crypt:3  | Killed Xtahua
 45007 | Crypt:3  | Found a staircase to the Tomb.
 45111 | Crypt:3  | Found the +6 Majin-Bo {vamp, MP+6 Int+6}
 45310 | Crypt:3  | XOM: god gift: wand of mindburst (5)
 45353 | Crypt:3  | Noticed a curse toe
 45354 | Crypt:3  | XOM: potion effect (curing)
 45397 | Crypt:3  | Killed a curse toe
 45510 | Crypt:3  | Noticed a dread lich
 45510 | Crypt:3  | Noticed an ancient lich
 45511 | Crypt:3  | Noticed a dread lich
 45560 | Crypt:3  | XOM: scenery: summon butterflies
 45571 | Crypt:3  | XOM: silly message
 45588 | Crypt:3  | XOM: divine lightning
 45593 | Crypt:3  | XOM: divination: magic mapping
 45595 | Crypt:3  | Killed a dread lich
 45602 | Crypt:3  | XOM: summons friendly quasit
 45605 | Crypt:3  | Killed an ancient lich
 45639 | Abyss:4  | Cast into level 4 of the Abyss (Xom)
 45698 | Abyss:4  | XOM: god gift: 51 gold pieces
 45769 | Abyss:4  | XOM: butterfly on damage
 45840 | Abyss:4  | XOM: enchant monster (good)
 45842 | Abyss:4  | Got an abyssal rune of Zot
 45842 | Abyss:4  | XOM: swap monsters
 45844 | Abyss:4  | Found a corrupted altar of Lugonu.
 45850 | Crypt:2  | Escaped the Abyss
 45868 | Crypt:1  | XOM: give mutations
 45868 | Crypt:1  | Lost mutation: Your muscles are strong. (Str +4, Int/Dex
                  | -1) [Xom's mischief]
 45868 | Crypt:1  | Lost mutation: You have sharp fingernails. [Xom's mischief]
 45868 | Crypt:1  | Lost mutation: You are covered in fur. (AC +1) [Xom's
                  | mischief]
 45868 | Crypt:1  | Lost mutation: You are highly strong-willed. (Will++)
                  | [Xom's mischief]
 46070 | D:15     | Found a staircase to the Depths.
 46096 | Depths:1 | Entered Level 1 of the Depths
 46104 | Depths:1 | Reached XP level 25. HP: 256/269 MP: 36/36
 46199 | Depths:1 | XOM: silly message
 46208 | Depths:1 | XOM: polymorph iron troll -> shadow dragon
 46244 | Depths:1 | Found a gateway to Hell.
 46326 | Depths:1 | XOM: stat loss: -1 Int (22/23)
 46438 | Depths:1 | Learned a level 2 spell: Sublimation of Blood
 46489 | Depths:1 | Identified the +11 double sword of the Sun {vorpal, rF++}
 46646 | Depths:1 | XOM: chaos upgrade
 46685 | Depths:1 | XOM: divination: detect items
 46717 | Depths:1 | Found a one-way gate to the infinite horrors of the Abyss.
 46732 | Depths:1 | XOM: cast spell 'Leda's Liquefaction'
 46851 | Depths:1 | XOM: silly message
 46894 | Depths:2 | XOM: noise
 46895 | Depths:2 | XOM: noise
 46903 | Depths:1 | Reached skill level 5 in Transmutations
 46911 | Depths:1 | XOM: potion effect (curing)
 46917 | Depths:1 | XOM: divine lightning
 46933 | Depths:1 | XOM: summons 2 friendly demons
 46980 | Depths:1 | XOM: give mutations
 46980 | Depths:1 | Gained mutation: You are highly strong-willed. (Will++)
                  | [Xom's grace]
 46980 | Depths:1 | Gained mutation: You are somewhat resistant to both further
                  | mutation and mutation removal. [Xom's grace]
 47047 | Depths:2 | XOM: cloud trail
 47149 | Depths:2 | Found a one-way gateway to a ziggurat.
 47219 | Depths:2 | XOM: polymorph fire giant -> sphinx
 47322 | Depths:2 | You fall into a shaft and drop 2 floors!
 47322 | Depths:4 | Entered Level 4 of the Depths
 47355 | Depths:4 | Killed from afar by a frost giant

Illustrated notes

Levels and vault maps discovered:
D:1:      lightli_arrival_maybe_door_vault, layout_loops_cross
D:2:      layout_loops_ring, shapermc_ecumenical_altar_flowoftime,
          kennysheep_crisscross
D:3:      layout_basic, amethyst_overflow_temple_binary
D:4:      cheibrodos_greedy_goblins, layout_rooms,
          mainiacjoe_overflow_catwalk_spiral, minitemple
D:5:      layout_rooms, hangedman_ru_absence, dk_noncrumbling_3,
          minmay_misc_feat_rugged, uniq_grinder
D:6:      layout_cave_pools
D:7:      layout_cave_pods, minmay_temple_entry_mini_moons
D:8:      layout_rooms, nicolae_elyvilon_temple_path, uniq_psyche
D:9:      layout_roguey, makhleb_altar_promises_db, special_room
          [special_room_orc], kennysheep_kite_vault, uniq_maggie
D:10:     layout_cave_pods, zombieorc2_lemuel,
          gammafunk_ghost_berserking_beasts, nrook_mini_vaults
D:11:     layout_long_grid, david_lair_generic, minmay_misc_feat_five,
          kennysheep_vampire_church
D:12:     layout_roguey, roderic_roman_lattice, drop_trap, st_stairs_14
D:13:     layout_stronghold, zin_scriptorium
D:14:     layout_irregular_city, david_vaults_3, good_gods_temple_1,
          nicolae_transporter_circle
D:15:     grunt_enter_depths_hoard, layout_gridville,
          chequers_serial_rivers_marsh, uniq_louise
Temple:   grunt_temple_mini_profane
Lair:1:   layout_long_grid, beast_lair_carwin_8, uniq_gastronok, uniq_amaemon
Lair:2:   layout_loops_ring, elwin_shoals_entry_rooms, evilmike_ambush
          [evilmike_ambush_outer_basic, evilmike_ambush_inner_basic]
Lair:3:   layout_long_grid, minmay_snake_entry_six_corridors, uniq_sonja
Lair:4:   gammafunk_indiana_jones, layout_regular_city,
          minmay_slime_entry_pillars, enter_volcano_2, beast_lair_carwin_11
Lair:5:   evilmike_catoblepas_cave, layout_cellular_growth,
          minmay_shattered_shrine
Shoals:1: layout_shoals, serial_shops, bzr_entry_lakeside, lightli_airlock
Shoals:2: layout_shoals, serial_shops, shop
Shoals:3: layout_shoals, serial_shops, nicolae_shop_competitors_out_of_business,
          serial_nicolae_subway, nicolae_sub_station_stone,
          nicolae_sub_station_metal, nicolae_sub_station_crystal, uniq_donald
Shoals:4: shoals_end_hellmonk_storm_palace [storm_palace_center_ruins,
          storm_palace_corner_pillars, storm_palace_corner_grid,
          storm_palace_corner_grid, storm_palace_corner_pillars]
Snake:1:  layout_basic, basic_altar
Snake:2:  layout_misc_corridors, grunt_megastairs_4, serial_bayou_shore_a,
          uniq_saint_roka, uniq_vashnia
Snake:3:  cheibrodos_toxic_ritual, layout_chambers, uniq_aizul
Snake:4:  grunt_snake_rune_serpentine_throne, layout_onion_interference,
          minmay_shop_star
Orc:1:    layout_caves, uniq_jorgrun
Orc:2:    st_orc_congregation, layout_caves, serial_shops, shop_statue,
          nicolae_shop_vocational
Elf:1:    eino_elf_arrival_sip, layout_onion_city, minmay_elf_sorcery
Elf:2:    nicolae_elf_blades_crystal_corner, layout_loops_corners, basic_altar
Elf:3:    nooodl_elf_gasket, layout_loops_cross, serial_shops,
          nicolae_shop_hallway_plus, basic_altar,
          nicolae_elf_free_trip_to_the_abyss
Vaults:1: nicolae_vaults_triangles, nicolae_vaults_network_s, vaults_room_pools,
          ontoclasm_vaults_decontamination, hangedman_vaults_slice,
          ontoclasm_vaults_shuriken, v_misc_5, grunt_vaults_twisty, v_misc_22,
          nicolae_vaults_network_periphery, v_alt_pattern_3, grunt_vaults_focal,
          layout_vaults_maze_bifur
Vaults:2: dpeg_vaults_monster_row, nicolae_vaults_inception_scallops,
          v_pattern_5, hangedman_vaults_cutoff, hangedman_vaults_capsules,
          vaults_room_fancy_cross, nicolae_vaults_little_squares_5,
          vaults_dpeg_spiral, vaults_mumra_hex, serial_ice_m,
          hangedman_vaults_stream, vaults_room_hallway,
          nicolae_vaults_ring_of_whatevers, layout_vaults_omnibox, serial_shops,
          bzr_entry_water
Vaults:3: nicolae_vaults_stairing_the_circle, nicolae_vaults_big_angled_halls,
          nicolae_vaults_network_square, vaults_mumra_hexcomb,
          vaults_standard_mumra_x, layout_vaults_omnigrid,
          minmay_crypt_entry_simple_box, serial_shops,
          nicolae_shop_overgrown_old_shop, uniq_nikola
Vaults:4: grunt_vaults_funnel, vaults_room_ringed_pool, v_rooms_2,
          grunt_vaults_diagonal, nicolae_vaults_minivaults,
          nicolae_vaults_circle_grid_b, vaults_room_mumra_shop_pool,
          nicolae_vaults_what_the_h, ontoclasm_vaults_idyll,
          nicolae_vaults_bisected_slash, layout_vaults_chaotic_city
Crypt:1:  layout_gridlike, wad_floor_pattern_untrapped,
          nicolae_crypt_little_mausoleum, uniq_jory, uniq_bai_suzhen
Crypt:2:  layout_regular_city, uniq_mennas
Crypt:3:  david_glass_crypt, layout_misc_corridors, mu_enter_wizlab_4,
          basic_altar, uniq_margery, uniq_xtahua, uniq_grunn
Depths:1: dpeg_oklob_gauntlet, layout_basic, minmay_room_of_horrors,
          kennysheep_minor_cross, hangedman_geh_valley,
          nicolae_rock_paper_scissors
Depths:2: minmay_connected_boxes_in_corner, layout_cave_pools,
          ziggurat_fallback, gammafunk_ghost_necromancy, pan_entry, hellmouth_1,
          minmay_staircase_windowed_large
Depths:4: evilmike_zot_entry_basic, layout_honeycomb, hellmouth_3,
          nemelex_lonely_heart_becter

Skill      XL: |  1  2  3  4  5  6  7  8  9 10 11 12 13 14 15 16 17 18 19 20 21 22 23 24 25 |
---------------+----------------------------------------------------------------------------+-----
Ranged Weapons | 5 6 7 8 10 12 14 15 16 17 18 19 20 21 22 23 | 23.5
Armour         | 2 4 5 7 8 10 11 12 13 14 15 16 | 16.7
Dodging        | 3 5 6 8 9 10 11 13 14 15 16 | 16.3
Fighting       | 4 6 8 9 10 11 12 13 14 15 16 17 18 19 | 19.3
Evocations     | 3 6 8 10 12 14 15 16 17 | 17.0
Shields        | 5 10 12 13 15 16 17 18 19 | 19.6
Transmutations | 2 3 4 5 |  5.5
Spellcasting   | 2 5 7 9 |  9.8
Translocations | 2 4 6 8 |  8.8
Stealth        | |  1.2

Action                   |  1- 3 |  4- 6 |  7- 9 | 10-12 | 13-15 | 16-18 | 19-21 | 22-24 | 25-27 || total
-------------------------+-------+-------+-------+-------+-------+-------+-------+-------+-------++-------
Melee: Unarmed           |       |       |     7 |       |     5 |       |       |       |       ||    12
       Arbalest          |       |       |       |       |     1 |       |       |       |       ||     1
 Fire: Shortbow          |    74 |   116 |    67 |       |       |       |       |  1565 |   400 ||  2222
       Sling             |       |       |   216 |   424 |       |       |       |       |       ||   640
       Arbalest          |       |       |       |   249 |   908 |   748 |       |       |       ||  1905
       Longbow           |       |       |       |       |       |   319 |  1447 |   351 |       ||  2117
 Cast: Wereblood         |       |       |       |       |       |       |       |     5 |     4 ||     9
       Passage of Golubr |       |       |       |       |       |       |       |    11 |     2 ||    13
       Apportation       |       |       |       |       |       |       |       |     2 |       ||     2
 Abil: Dig               |     2 |       |     1 |     6 |     9 |    11 |     8 |       |     2 ||    39
       Shaft Self        |     1 |       |     1 |     7 |       |     2 |       |       |     1 ||    12
Evoke: Piece from Xom's  |       |       |     1 |     2 |       |       |       |     1 |       ||     4
       Wand              |       |       |       |     3 |       |     3 |     6 |     4 |       ||    16
       Phantom mirror    |       |       |       |       |     1 |     1 |       |     1 |       ||     3
       Condenser vane    |       |       |       |       |       |     1 |     2 |     2 |     1 ||     6
  Use: Potion            |       |       |     2 |     6 |     3 |     5 |     4 |     5 |     2 ||    27
       Scroll            |       |       |       |    15 |     4 |    11 |     3 |     7 |     1 ||    41
 Stab: Invisible         |       |       |       |       |     2 |       |       |       |       ||     2
Armor: Leather armour    |     8 |     5 |       |       |       |       |       |       |       ||    13
       Ring mail         |       |     2 |    35 |   104 |   145 |   109 |    91 |    68 |    30 ||   584
       Skin              |       |       |       |     8 |     1 |       |       |       |       ||     9
       Swamp dragon scal |       |       |       |     6 |       |       |       |       |       ||     6
Dodge: Dodged            |    17 |    19 |    37 |   222 |   389 |   338 |   324 |   248 |   100 ||  1694
Block: Other             |       |       |       |    55 |    70 |       |       |       |       ||   125
       Kite shield       |       |       |       |       |       |   314 |   411 |   549 |   152 ||  1426
       Reflection        |       |       |       |       |       |    54 |    62 |    46 |     6 ||   168
       Tower shield      |       |       |       |       |       |       |     1 |       |       ||     1
